 Dungeon Crawl Stone Soup version 0.30.1-11-g7821555f0a (webtiles) character file.

Game seed: 2310195103839477977

179824 Peloso the Hoplite (level 17, -1/163 HPs)
             Began as a Minotaur Fighter on Dec 10, 2023.
             Was the Champion of Okawaru.
             Slain by a naga
             ... wielding a +0 short sword of freezing
              (4 damage)
             ... on level 2 of the Abyss.
             The game lasted 01:16:48 (29237 turns).

Peloso the Hoplite (Minotaur Fighter)              Turns: 29237, Time: 01:16:48

Health: -1/163     AC: 22    Str: 22      XL:     17   Next: 62%
Magic:  15/15      EV: 11    Int:  0 (8)  God:    Okawaru [******]
Gold:   705        SH: 23    Dex: 15 (16) Spells: 16/16 levels left

rFire   . . .        c - +3 scimitar (vamp)
rCold   + + .        d - +0 tower shield
rNeg    . . .        z - +5 scale mail of Nyos {-Cast rC++ Regen+}
rPois   +            U - +1 hat {Int+3}
rElec   .            n - +1 cloak {rPois}
rCorr   .            A - +0 pair of gloves
SInv    .            H - +0 pair of boots of the Raven {-Cast Dex+7}
Will    ++...        h - amulet of regeneration
Stlth   +            J - ring of willpower
HPRegen 0.00/turn    C - +4 ring of slaying
MPRegen 0.14/turn

%: no spellcasting
@: sick, slowed, lost intelligence, constricted, unable to read, very slow
A: horns 2, retaliatory headbutt, [clumsy 2], [low MP 1], [weak 2], [inability
to read after injury 2]
a: Renounce Religion, Heroism, Finesse, Duel


You were on level 2 of the Abyss.
You worshipped Okawaru.
Okawaru was exalted by your worship.
You visited 7 branches of the dungeon, and saw 30 of its levels.
You visited the Abyss 1 time.

You collected 3937 gold pieces.
You spent 3232 gold pieces at shops.

Inventory:

Hand Weapons
 a - a +4 long sword
 b - a +2 scimitar of flaming
 c - a +3 vampiric scimitar (weapon)
Missiles
 x - a throwing net (quivered)
Armour
 d - a +0 tower shield (worn)
 m - +6 gold dragon scales
 n - a +1 cloak of poison resistance (worn)
 z - the +5 scale mail of Nyos (worn) {-Cast rC++ Regen+}
   (You found it on level 7 of the Dungeon)

   rC:        It greatly protects you from cold.
   -Cast:     It prevents spellcasting.
   Regen:     It increases your rate of health regeneration.
 A - a +0 pair of gloves (worn)
 H - the +0 pair of boots of the Raven (worn) {-Cast Dex+7}
   (Okawaru gifted it to you on level 11 of the Dungeon)

   Dex:       It affects your dexterity (+7).
   -Cast:     It prevents spellcasting.
 U - a +1 hat of intelligence (worn)
Jewellery
 h - an amulet of regeneration (around neck)
 C - a +4 ring of slaying (right hand)
 D - a ring of protection from cold
 E - an amulet of guardian spirit
 J - a ring of willpower (left hand)
 K - a ring of wizardry
 R - a ring of positive energy
 S - a ring of resist corrosion
 W - a ring of protection from cold
Wands
 l - a wand of paralysis (12)
 p - a wand of flame (8)
 F - a wand of iceblast (20)
 L - a wand of polymorph (5)
 M - a wand of acid (2)
Scrolls
 e - 7 scrolls of teleportation
 f - 12 scrolls of identify
 i - 8 scrolls of immolation
 j - 10 scrolls of fear
 s - a scroll of enchant weapon
 t - 5 scrolls of magic mapping
 v - 3 scrolls of poison
 w - a scroll of silence
 y - a scroll of acquirement
 N - a scroll of blinking
Potions
 g - 2 potions of might
 k - 9 potions of curing
 o - 2 potions of heal wounds
 q - a potion of magic
 r - 2 potions of resistance
 u - 2 potions of flight
 B - a potion of invisibility {unknown}
 I - 2 potions of mutation
 O - a potion of ambrosia
 X - 2 potions of berserk rage
Miscellaneous
 G - a phial of floods


   Skills:
 + Level 17.7 Fighting
 + Level 18.7 Long Blades
 + Level 15.2 Armour
 + Level 10.1 Dodging
 + Level 2.2 Stealth
 + Level 22.4 Shields
 + Level 0.6 Unarmed Combat
 + Level 2.2 Invocations
 + Level 1.8 Evocations


You had 16 spell levels left.
You didn't know any spells.
Your spell library contained the following spells:

 Spells                   Type           Power      Damage    Failure   Level
 Magic Dart               Conj           0%         1d3       91%         1
 Necrotise                Necr           0%         1d4       91%         1
 Slow                     Hex            0%         N/A       91%         1
 Ensorcelled Hibernation  Hex/Ice        0%         N/A       97%         2
 Searing Ray              Conj           0%         2d4       97%         2
 Sublimation of Blood     Necr           0%         N/A       97%         2
 Wereblood                Tmut           0%         N/A       97%         2
 Confusing Touch          Hex            0%         N/A       99%         3
 Dazzling Flash           Conj/Hex       0%         N/A       99%         3
 Hailstorm                Conj/Ice       0%         3d3       99%         3
 Inner Flame              Hex/Fire       0%         N/A       99%         3
 Portal Projectile        Hex/Tloc       0%         N/A       99%         3
 Spider Form              Tmut/Pois      0%         N/A       99%         3
 Stone Arrow              Conj/Erth      0%         3d7       99%         3
 Vampiric Draining        Necr           0%         2d6       99%         3
 Vhi's Electric Charge    Tloc/Air       0%         N/A       99%         3
 Anguish                  Hex/Necr       0%         N/A       100%        4
 Fulminant Prism          Conj/Hex       0%         3d5       100%        4
 Ice Form                 Ice/Tmut       0%         N/A       100%        4
 Leda's Liquefaction      Hex/Erth       0%         N/A       100%        4
 Passage of Golubria      Tloc           0%         N/A       100%        4
 Petrify                  Tmut/Erth      0%         N/A       100%        4
 Agony                    Necr           0%         N/A       100%        5
 Arcjolt                  Conj/Air       0%         1d10      100%        5
 Blade Hands              Tmut           0%         N/A       100%        5
 Metabolic Englaciation   Hex/Ice        0%         N/A       100%        5
 Silence                  Hex/Air        0%         N/A       100%        5
 Yara's Violent Unravell  Hex/Tmut       0%         3d3       100%        5
 Iron Shot                Conj/Erth      0%         9d1       100%        6
 Plasma Beam              Fire/Air       0%         2x1d11    100%        6
 Statue Form              Tmut/Erth      0%         N/A       100%        6
 Enfeeble                 Hex            0%         N/A       100%        7
 Lehudib's Crystal Spear  Conj/Erth      0%         10d2      100%        8
 Call Canine Familiar     Summ           Unusable   N/A       N/A         3
 Animate Armour           Summ/Erth      Unusable   N/A       N/A         4
 Simulacrum               Ice/Necr       Unusable   N/A       N/A         6
 Summon Hydra             Summ           Unusable   N/A       N/A         7

Dungeon Overview and Level Annotations

Branches:
Dungeon (15/15)            Temple (1/1) D:6            Lair (5/5) D:9
 Shoals (2/4) Lair:3       Spider (2/4) Lair:3        Slime (0/5) Lair:5
    Orc (2/2) D:12            Elf (3/3) Orc:2        Vaults (0/5) D:13
 Depths (0/4) D:15

Altars:
Ashenzari
Cheibriados
Dithmenos
Elyvilon
Fedhas
Gozag
Hepliaklqana
Kikubaaqudgha
Makhleb
Okawaru
Ru
Sif Muna
Trog
Uskayaw
Wu Jian
Xom
Yredelemnul
Zin
The Shining One
Lugonu

Shops:
D:2 =   D:4 =   D:8 :((   Orc:1 *:[   Orc:2 *=[(   Elf:1 [   Elf:2 :   Elf:3 !

Portals:
Abyss: Lair:3 Lair:5

Annotations:
D:5 3 runed translucent doors, Ijustatesigmund's ghost, novice DEEE
D:11 Casa
Elf:2 3 runed translucent doors, Roxanne


Innate Abilities, Weirdness & Mutations

You have a pair of horns on your head.
You reflexively headbutt those who attack you in melee.
[You are very clumsy. (Dex -4)]
[Your magical capacity is low. (-10% MP)]
[You are very weak. (Str -4)]
[You sometimes lose the ability to read scrolls when taking damage.]


Message History

You block the naga's attack. The naga constricts you.
Unknown command.
You barely miss the cacodemon. You headbutt the cacodemon.
The cacodemon is heavily wounded.
The orange demon closely misses you. You block the cacodemon's attack.
The cacodemon closely misses you. You block the salamander's attack.
The naga spits poison at you. You block the splash of poison.
The naga constricts you.
Unknown command.
You hit the cacodemon. You headbutt the cacodemon!
The cacodemon is severely wounded.
You block the orange demon's attack. You block the cacodemon's attack.
The cacodemon misses you. The salamander closely misses you.
The naga hits you with a +0 short sword of freezing.
* * * LOW HITPOINT WARNING * * *
The naga constricts you.
* * * LOW HITPOINT WARNING * * *
You hit the cacodemon but do no damage. You headbutt the cacodemon.
The cacodemon is severely wounded.
You block the orange demon's attack. You block the cacodemon's attack.
The cacodemon hits you.
* * * LOW HITPOINT WARNING * * *
The salamander hits you but does no damage.
The naga hits you but does no damage. The naga constricts you.
* * * LOW HITPOINT WARNING * * *
You block the cacodemon's attack.
The cacodemon hits you but does no damage.
You block the orange demon's attack.
You closely miss the cacodemon.
The cacodemon is severely wounded.
The salamander hits you but does no damage.
The naga spits poison at you. You block the splash of poison.
The naga constricts you. The cacodemon barely misses you.
You block the cacodemon's attack. You block the orange demon's attack.
The salamander hits you but does no damage.
You slash the cacodemon!
The cacodemon is almost dead.
The naga hits you with a +0 short sword of freezing.
You die...

## . . .## #
. . . # .. #
. ... .## .#
.## ... ...
.. . ##
##..#.... ..
#
#.####..###..
.. .#.
.#.#.4NN#.#
#. ##. .
#N#N# 5. #.#.
.#.# .##..#4#
.. .. ##
.#.2@N# # . #
..#...###.#
#.. . ##...#
. # .#.. .
..### .. . .
## ##... # #
# # .. # #. #


You could see a cacodemon, a salamander, 2 orange demons, 3 nagas and an iron
imp.

Vanquished Creatures
  Arachne (Spider:2)
  Rupert (D:15)
  Mlioglotl (Shoals:1)
  2 tentacled starspawn (Abyss:2)
  Frances (Shoals:1)
  Kirke (D:11)
  A storm dragon (Elf:1)
  A daeva (Abyss:2)
  Louise (Spider:1)
  2 deep elf sorcerers
  An ironbound preserver (D:13)
  2 orc warlords (Orc:2)
  The ghost of Quickbrownfox the Destroyer, a journeyman DsCj of Gozag (Shoals:2)
  A caustic shrike skeleton (Abyss:2)
  Azrael (Elf:2)
  A deep elf demonologist (Elf:1)
  2 eleionomae (Shoals:1)
  A deep elf annihilator (Elf:3)
  A dire elephant (D:15)
  A spark wasp (Spider:1)
  A merfolk javelineer (Shoals:1)
  The ghost of TangoThomas the Fighter, a journeyman DsFi of Okawaru (Orc:2)
  A deep elf death mage (Elf:3)
  Harold (D:11)
  7 hydras
  A merfolk avatar (Shoals:1)
  Erica (D:10)
  4 centaur warriors
  A catoblepas (Lair:5)
  4 boulder beetles
  11 dancing weapons
  A two-headed ogre (D:12)
  3 merfolk aquamancers
  2 radroaches
  3 satyrs (Shoals:1)
  3 tengu warriors
  An orc high priest (Orc:2)
  4 thrashing horrors
  Nergalle (Orc:2)
  6 deep elf knights
  4 skysharks
  A fire crab (shapeshifter) (D:13)
  A sixfirhy (Abyss:2)
  3 pharaoh ants
  2 wretched stars (Abyss:2)
  2 sea snakes (Shoals:1)
  3 orb spiders
  6 deep elf archers
  4 orc knights
  5 wolf spider zombies (Spider:1)
  19 deep elf zephyrmancers
  13 wolf spiders
  23 deep elf pyromancers
  3 harpies (Shoals:1)
  A necromancer (Spider:1)
  5 cyclopes
  7 ugly things
  An orc sorcerer (Orc:2)
  2 moths of wrath (Spider:2)
  A salamander (D:15)
  6 manticores
  21 fauns (Shoals:1)
  5 black mambas
  Maurice (Orc:2)
  A guardian serpent (Abyss:2)
  5 demonic crawlers
  2 orange demons (Abyss:2)
  A water nymph (shapeshifter) (Lair:5)
  An eye of devastation (Abyss:2)
  13 elephants
  2 torpor snails
  5 smoke demons
  2 water nymphs (Shoals:1)
  A merfolk siren (Shoals:1)
  A centaur skeleton (Abyss:2)
  9 cane toads
  3 rime drakes
  6 komodo dragons
  A hellion (Abyss:2)
  9 redback zombies (Spider:1)
  An ice devil (Abyss:2)
  A tormentor (Abyss:2)
  A tengu conjurer (D:14)
  6 ancient zymes
  2 trolls (Orc:1)
  5 merfolk
  2 polar bears (Lair:5)
  A meliai (shapeshifter) (D:15)
  16 meliai
  4 hornets (Lair:4)
  14 tarantellas
  23 blink frogs
  Prince Ribbit (D:5)
  A raiju (shapeshifter) (D:13)
  5 culicivora zombies (Spider:1)
  9 tarantella zombies (Spider:1)
  15 culicivoras
  13 slime creatures
  15 jumping spiders
  4 air elementals
  2 ynoxinuls (Lair:5)
  A centaur simulacrum (D:14)
  2 water elementals
  9 wyverns
  A wraith (Abyss:2)
  4 fire elementals
  2 hogs (D:13)
  A human (D:13)
  4 chaos spawn
  27 redbacks
  28 yaks
  Grum (D:11)
  11 basilisks
  7 vampire mosquitoes
  8 starcursed masses (Abyss:2)
  2 neqoxecs (Abyss:2)
  A redback simulacrum (D:14)
  Edmund (D:6)
  An acid dragon (D:10)
  6 large abominations
  3 wargs (Orc:2)
  18 water moccasins
  4 hell hounds
  3 ice beasts
  32 orc warriors
  A sky beast (D:7)
  14 small abominations
  A black bear (D:5)
  A black bear (shapeshifter) (Lair:5)
  4 ogres
  4 centaurs
  11 wolves
  2 phantoms (D:5)
  5 kobold brigands
  5 bullfrogs
  An earth elemental (Elf:2)
  4 scorpions (D:6)
  A gnoll sergeant (D:13)
  8 wights
  16 killer bees
  3 electric eels
  A jelly (D:5)
  2 gnoll boudas
  19 orc priests
  4 hounds
  Crazy Yiuf (D:5)
  A scorpion zombie (D:5)
  24 orc wizards
  5 iguanas
  A howler monkey zombie (D:5)
  8 gnolls
  9 adders
  A shadow imp (D:6)
  A white imp (D:5)
  2 ufetubi (D:6)
  2 worms
  A dart slug (D:10)
  69 orcs
  7 bats
  8 endoplasms
  2 giant cockroaches (D:2)
  4 goblins
  3 hobgoblins
  7 jackals
  3 quokkas
  7 ball pythons
  2 frilled lizards
  27 kobolds
  6 rats
  A lurking horror (Lair:3)
909 creatures vanquished.

Vanquished Creatures (others)
  An eldritch tentacle (Shoals:1)
  A deep elf knight (Elf:3)
  2 deep elf pyromancers (Elf:1)
  2 foxfires (Shoals:1)
  4 starspawn tentacles (Abyss:2)
  4 tentacles (Shoals:1)
14 creatures vanquished.

Grand Total: 923 creatures vanquished

Notes
Turn   | Place    | Note
-------+----------+-------------------------------------------
     0 | D:1      | Peloso the Minotaur Fighter began the quest for the Orb.
     0 | D:1      | Reached XP level 1. HP: 19/19 MP: 0/0
   203 | D:1      | Reached XP level 2. HP: 27/27 MP: 1/1
   403 | D:1      | Reached skill level 4 in Shields
   487 | D:2      | Reached XP level 3. HP: 27/33 MP: 2/2
   740 | D:2      | Found a faded altar of an unknown god.
  1038 | D:2      | Found Boittid's Jewellery Shoppe.
  1055 | D:2      | Reached XP level 4. HP: 40/41 MP: 3/3
  1591 | D:3      | Found a shimmering altar of Xom.
  1942 | D:4      | Reached XP level 5. HP: 44/47 MP: 4/4
  2134 | D:4      | Identified the +0 leather armour of Lies {Str-3 Int+4}
  2237 | D:4      | Found Bobrehal's Jewellery Shop.
  2527 | D:4      | Found a hazy altar of Hepliaklqana.
  2811 | D:5      | Entered Level 5 of the Dungeon
  2911 | D:5      | Reached skill level 5 in Long Blades
  2930 | D:5      | Noticed a phantom
  2936 | D:5      | Killed a phantom
  2937 | D:5      | Reached skill level 5 in Fighting
  2937 | D:5      | Reached XP level 6. HP: 56/56 MP: 5/5
  2980 | D:5      | Noticed Prince Ribbit
  2980 | D:5      | Noticed an ice beast
  2983 | D:5      | Reached skill level 5 in Armour
  3015 | D:5      | Killed an ice beast
  3016 | D:5      | Reached XP level 7. HP: 27/61 MP: 6/6
  3037 | D:5      | Killed Prince Ribbit
  3084 | D:5      | Reached skill level 1 in Dodging
  3090 | D:5      | Reached skill level 5 in Shields
  3317 | D:5      | Found a runed translucent gate.
  3317 | D:5      | Found a runed translucent gate.
  3317 | D:5      | Found a runed translucent gate.
  3317 | D:5      | Noticed Ijustatesigmund's ghost (novice DEEE)
  3319 | D:5      | Found a basalt altar of Yredelemnul.
  3327 | D:5      | Reached XP level 8. HP: 70/70 MP: 7/7
  3412 | D:5      | Found a runed translucent door.
  3413 | D:5      | Noticed Crazy Yiuf
  3556 | D:5      | Killed Crazy Yiuf
  3626 | D:6      | Identified the +2 robe of Lucidity {Regen+ MP+9 Str+2
                  | Dex+5}
  3654 | D:6      | Found a burning altar of Makhleb.
  3711 | D:6      | Found a staircase to the Ecumenical Temple.
  3735 | Temple   | Entered the Ecumenical Temple
  3739 | Temple   | Became a worshipper of Warmaster Okawaru
  4065 | D:6      | Reached skill level 6 in Shields
  4105 | D:6      | Noticed Edmund
  4127 | D:6      | Killed Edmund
  4456 | D:6      | Reached * piety under Okawaru
  4546 | D:7      | Reached XP level 9. HP: 52/73 MP: 8/8
  4632 | D:7      | Found a sacrificial altar of Ru.
  4818 | D:7      | Reached skill level 10 in Long Blades
  4829 | D:7      | Identified the +5 scale mail of Nyos {-Cast rC++ Regen+}
  4874 | D:7      | Reached skill level 1 in Stealth
  4959 | D:7      | Reached ** piety under Okawaru
  5224 | D:8      | Found Duridu's Book Shoppe.
  5225 | D:8      | Found Parhuss's Antique Weapon Boutique.
  5314 | D:8      | Found Hoawuwkirgh's Weapon Shoppe.
  5354 | D:8      | Reached skill level 7 in Shields
  5449 | D:8      | Found a shadowy altar of Dithmenos.
  5674 | D:8      | Found a white marble altar of Elyvilon.
  5905 | D:8      | Identified 2 scrolls of acquirement
  5950 | D:9      | Noticed a manticore
  5968 | D:8      | Killed a manticore
  6232 | D:9      | Reached *** piety under Okawaru
  6240 | D:9      | Reached XP level 10. HP: 89/89 MP: 9/9
  6259 | D:9      | Reached skill level 8 in Shields
  6370 | D:9      | Reached **** piety under Okawaru
  6378 | D:9      | Found a staircase to the Lair.
  6679 | D:9      | Found a broken altar of Ashenzari.
  6682 | D:9      | Found a glowing golden altar of the Shining One.
  6849 | D:10     | Entered Level 10 of the Dungeon
  6974 | D:10     | Noticed Erica
  6987 | D:10     | Killed Erica
  7212 | D:10     | Reached skill level 9 in Shields
  7242 | D:10     | Received a gift from Okawaru
  7249 | D:10     | Reached ***** piety under Okawaru
  7515 | D:10     | Found a snail-covered altar of Cheibriados.
  7773 | D:11     | Noticed Grum
  7773 | D:11     | Noticed a cyclops
  7783 | D:10     | Killed a cyclops
  7784 | D:10     | Reached XP level 11. HP: 94/97 MP: 10/10
  7817 | D:11     | Killed Grum
  7926 | D:11     | Noticed a boulder beetle
  7927 | D:11     | Noticed a deep elf pyromancer
  7949 | D:11     | Killed a deep elf pyromancer
  7949 | D:11     | Identified the +0 pair of boots of the Raven {-Cast Dex+7}
                  | (Okawaru gifted it to you on level 11 of the Dungeon)
  7949 | D:11     | Received a gift from Okawaru
  7950 | D:11     | Reached skill level 10 in Shields
  8198 | D:11     | Killed a boulder beetle
  8296 | D:11     | Noticed Harold
  8305 | D:11     | Killed Harold
  8478 | D:11     | Reached skill level 10 in Armour
  8769 | Lair:1   | Entered Level 1 of the Lair of Beasts
  8814 | Lair:1   | Reached skill level 5 in Dodging
  8818 | Lair:1   | Reached skill level 10 in Fighting
  8819 | Lair:1   | Reached skill level 1 in Evocations
  9133 | Lair:1   | Reached skill level 11 in Shields
  9468 | Lair:2   | Reached XP level 12. HP: 70/107 MP: 11/11
  9525 | Lair:2   | Identified the +0 ring mail "Matzamu" {rElec rPois rCorr
                  | Dex-3}
  9620 | Lair:2   | Noticed a seven-headed hydra
  9628 | Lair:2   | Killed a two-headed hydra
  9973 | Lair:2   | Received a gift from Okawaru
 10398 | Lair:3   | Found a one-way gate to the infinite horrors of the Abyss.
 10405 | Lair:3   | Found a corrupted altar of Lugonu.
 10534 | Lair:3   | Reached skill level 12 in Shields
 10675 | Lair:3   | Found a hole to the Spider Nest.
 10798 | Lair:3   | Found a staircase to the Shoals.
 11919 | D:12     | Reached ****** piety under Okawaru
 11945 | D:12     | Noticed a two-headed ogre
 11952 | D:12     | Killed a two-headed ogre
 11952 | D:12     | Received a gift from Okawaru
 12034 | D:12     | Reached skill level 13 in Shields
 12244 | D:12     | Found a staircase to the Orcish Mines.
 12440 | D:12     | Reached XP level 13. HP: 69/118 MP: 12/12
 12529 | Orc:1    | Entered Level 1 of the Orcish Mines
 12585 | Orc:1    | Found Loagruh's Antique Armour Shoppe.
 12838 | Orc:2    | Entered Level 2 of the Orcish Mines
 12838 | Orc:2    | Noticed Maurice
 12847 | Orc:2    | Killed Maurice
 12919 | Orc:2    | Reached skill level 15 in Long Blades
 13059 | Orc:2    | Found a runed translucent door.
 13060 | Orc:2    | Noticed TangoThomas's ghost (journeyman DsFi)
 13122 | Orc:2    | Noticed an orc warlord
 13181 | Orc:2    | Found a staircase to the Elven Halls.
 13212 | Orc:2    | Received a gift from Okawaru
 13403 | Orc:2    | Noticed Nergalle
 13426 | Orc:2    | Killed Nergalle
 13506 | Orc:1    | Received a gift from Okawaru
 13507 | Orc:1    | Reached skill level 14 in Shields
 13524 | Orc:2    | Reached skill level 1 in Invocations
 13587 | Orc:2    | Found Biopi's General Store.
 13606 | Orc:2    | Found Yheph's Jewellery Shop.
 13660 | Orc:2    | Noticed an orc warlord
 13682 | Orc:2    | Killed an orc warlord
 13724 | Orc:2    | Found Uhonef's Antique Weapon Shop.
 13783 | Orc:2    | Killed an orc warlord
 13902 | Orc:2    | Found Dynupuus's Antique Armour Shop.
 13909 | Orc:2    | Bought a crude chain mail for 180 gold pieces
 13909 | Orc:2    | Identified the +1 chain mail of the Nexus {MP+9} (You
                  | bought it in a shop on level 2 of the Orcish Mines)
 14249 | D:13     | Noticed Kirke
 14839 | D:11     | HP: 2/119 [barbs]
 15003 | D:11     | Killed Kirke
 15133 | D:13     | Noticed an ironbound preserver
 15146 | D:13     | Killed an ironbound preserver
 15147 | D:13     | Reached skill level 15 in Shields
 15175 | D:13     | Found a gate to the Vaults.
 15571 | D:14     | Reached XP level 14. HP: 125/129 MP: 14/14
 16088 | D:14     | Found a white marble altar of Elyvilon.
 16111 | D:15     | Entered Level 15 of the Dungeon
 16242 | D:15     | Identified the +1 robe "Dedin" {Slay+3}
 16262 | D:15     | Noticed Rupert
 16272 | D:15     | Killed Rupert
 16400 | D:15     | Found a staircase to the Depths.
 16427 | D:15     | Reached skill level 16 in Shields
 16485 | D:15     | Identified the +4 plate armour of Imoxanam {rN++ Int+3
                  | Slay-4 Stlth+} (Okawaru gifted it to you on level 15 of the
                  | Dungeon)
 16485 | D:15     | Received a gift from Okawaru
 17242 | Elf:1    | Entered Level 1 of the Elven Halls
 18670 | Lair:4   | Identified the +9 quarterstaff of Charity {spect, rElec
                  | Dex-5 Stlth+} (Okawaru gifted it to you on level 4 of the
                  | Lair of Beasts)
 18670 | Lair:4   | Received a gift from Okawaru
 19002 | Lair:5   | Entered Level 5 of the Lair of Beasts
 19006 | Lair:5   | Reached skill level 17 in Shields
 19248 | Lair:5   | Reached XP level 15. HP: 92/137 MP: 15/15
 19280 | Lair:5   | Found the +10 morningstar "Eos" {elec, Halo rElec}
 19455 | Lair:5   | Identified the +1 animal skin of Supple Strength {*Corrode
                  | rC+ Regen+ SInv} (Okawaru gifted it to you on level 5 of
                  | the Lair of Beasts)
 19455 | Lair:5   | Received a gift from Okawaru
 19552 | Lair:5   | Found a corrupted altar of Lugonu.
 19692 | Lair:5   | Found a staircase to the Slime Pits.
 19908 | Lair:5   | Reached skill level 15 in Fighting
 20453 | Elf:1    | Noticed an Executioner
 20490 | Elf:1    | Reached skill level 18 in Shields
 20526 | Elf:1    | Acquired 826 gold pieces
 20575 | Elf:1    | Found Pyenigix's Antique Armour Boutique.
 20578 | Elf:1    | Bought a glimmering chain mail for 313 gold pieces
 20578 | Elf:1    | Identified the +0 chain mail of Somewhere Else {rF+ rCorr
                  | Int+5} (You bought it in a shop on level 1 of the Elven
                  | Halls)
 20580 | Elf:1    | Acquired 575 gold pieces
 20586 | Elf:1    | Bought shiny gold dragon scales for 2739 gold pieces
 20908 | Elf:1    | Noticed a storm dragon
 20908 | Elf:1    | Found the +5 glaive of the Guard {elec, spectral, AC+5}
 20908 | Elf:1    | Paralysed by an air elemental for 1 turns
 20911 | Elf:1    | Paralysed by an air elemental for 1 turns
 20918 | Elf:1    | Paralysed by an air elemental for 1 turns
 20937 | Elf:1    | Killed a storm dragon
 21151 | Elf:1    | Paralysed by an air elemental for 1 turns
 22568 | Orc:1    | Found Koll's Assorted Antiques.
 22568 | Orc:1    | Found Zamnae's Book Shop.
 22841 | Orc:2    | Killed TangoThomas's ghost
 23087 | Spider:1 | Entered Level 1 of the Spider Nest
 23201 | Spider:1 | Received a gift from Okawaru
 23267 | Spider:1 | Noticed Louise
 23303 | Spider:1 | Killed Louise
 23331 | Spider:1 | Reached skill level 19 in Shields
 23822 | Spider:2 | Identified the +0 robe of Free Expression {rElec} (Okawaru
                  | gifted it to you on level 2 of the Spider Nest)
 23822 | Spider:2 | Received a gift from Okawaru
 23971 | Spider:2 | Reached XP level 16. HP: 150/150 MP: 16/16
 24086 | Spider:2 | Noticed Arachne
 24136 | Spider:2 | Killed Arachne
 24318 | Spider:1 | Reached skill level 20 in Shields
 24967 | Shoals:1 | Entered Level 1 of the Shoals
 24984 | Shoals:1 | Identified the +5 ring mail of the Demon Prince {*Slow
                  | rPois Dex+4} (Okawaru gifted it to you on level 1 of the
                  | Shoals)
 24984 | Shoals:1 | Received a gift from Okawaru
 25112 | Shoals:1 | Noticed Frances
 25129 | Shoals:1 | Killed Frances
 25130 | Shoals:1 | Noticed a kraken
 25246 | Shoals:1 | Noticed Mlioglotl
 25274 | Shoals:1 | Noticed a profane servitor
 25274 | Shoals:1 | Noticed a bone dragon
 25276 | Shoals:1 | Killed Mlioglotl
 25437 | Shoals:1 | Found a runed translucent gate.
 25438 | Shoals:1 | Found a runed translucent gate.
 25439 | Shoals:1 | Found a runed translucent gate.
 25442 | Shoals:1 | Noticed Quickbrownfox's ghost (journeyman DsCj)
 26069 | Shoals:2 | Killed Quickbrownfox's ghost
 26182 | Shoals:1 | Identified the +0 pair of gloves of Melancholy {Harm rN+++
                  | Dex-4 Slay+5}
 26407 | Shoals:1 | Reached skill level 21 in Shields
 26986 | Elf:2    | Reached XP level 17. HP: 98/160 MP: 17/17
 26997 | Elf:2    | Paralysed by an air elemental for 1 turns
 27002 | Elf:2    | Paralysed by an air elemental for 1 turns
 27037 | Elf:2    | Noticed a walking divine tome
 27039 | Elf:2    | Found Foferier's Book Shoppe.
 27041 | Elf:2    | Noticed a walking divine tome
 27123 | Elf:2    | Found a runed translucent gate.
 27123 | Elf:2    | Found a runed translucent gate.
 27126 | Elf:2    | Found a runed translucent gate.
 27274 | Elf:2    | Identified the +1 robe "Feashaog" {Dex+3 SInv} (Okawaru
                  | gifted it to you on level 2 of the Elven Halls)
 27274 | Elf:2    | Received a gift from Okawaru
 27350 | Elf:2    | Noticed Azrael
 27545 | Elf:2    | Killed Azrael
 27701 | Elf:2    | Noticed Roxanne
 28133 | Elf:3    | Entered Level 3 of the Elven Halls
 28226 | Elf:3    | Reached skill level 15 in Armour
 28235 | Elf:3    | Found Xazxeony's Distillery.
 28441 | Elf:3    | Reached skill level 22 in Shields
 28486 | Elf:3    | Found a shimmering blue altar of Sif Muna.
 28549 | Abyss:2  | Cast into level 2 of the Abyss (a deep elf sorcerer)
 28647 | Abyss:2  | Found a corrupted altar of Lugonu.
 28650 | Abyss:2  | Found a corrupted altar of Lugonu.
 28650 | Abyss:2  | Found a corrupted altar of Lugonu.
 28711 | Abyss:2  | Found a corrupted altar of Lugonu.
 28914 | Abyss:2  | Reached skill level 10 in Dodging
 28930 | Abyss:2  | Paralysed by accursed screaming for 1 turns
 28935 | Abyss:2  | Paralysed by accursed screaming for 2 turns
 28940 | Abyss:2  | Paralysed by accursed screaming for 2 turns
 28957 | Abyss:2  | HP: 6/162 [starcursed mass (6)]
 29197 | Abyss:2  | Lost intelligence.
 29235 | Abyss:2  | HP: 6/163 [cacodemon (4)]
 29237 | Abyss:2  | Slain by a naga

Illustrated notes

Levels and vault maps discovered:
D:1:      dpeg_arrival_water_fire, layout_basic, minmay_tripent
D:2:      layout_loops_ring, basic_ecumenical_altar, serial_shops, shop,
          kennysheep_generic_room_16
D:3:      layout_basic, mainiacjoe_overflow_paths
D:4:      layout_basic, worldfamousw_hep_ancestral_shrine, serial_shops, shop,
          dk_vineyard_3, dreamdust_princess_bridge
D:5:      layout_basic, nicolae_yredelemnul_ghost_church,
          uniq_crazy_yiuf_cottage, uniq_prince_ribbit1
D:6:      layout_basic, bloody_makhleb, minmay_temple_entry_grid, uniq_edmund
D:7:      layout_rooms, nicolae_ru_awakened_eye
D:8:      layout_cave_pods, general_overflow_altar, elyvilon_altar_1,
          serial_shops, shop, shop, shop
D:9:      layout_small_grid, minitemple, minmay_lair_entry_grove
D:10:     layout_stronghold, kennysheep_slug_shrine, uniq_erica
D:11:     layout_long_grid, grunt_decor_arrowhead, grunt_decor_clamped,
          uniq_harold, uniq_grum
D:12:     layout_gridville, david_orc_1_choice,
          nicolae_concentric_dashed_squares_mild, nicolae_twisting_strands
D:13:     layout_basic, skrybe_vaults_entry_preservation, uniq_kirke
D:14:     layout_loops_ring, lemuel_tele_altar
D:15:     hangedman_depths_entry_try_elsewhere_first, layout_basic, uniq_rupert
Temple:   nicolae_temple_x_marks_the_god
Lair:1:   layout_misc_corridors, infiniplex_staircase_pool
Lair:2:   layout_cave_pods, grunt_megastairs_2, lemuel_fruit_tree
Lair:3:   layout_cave_pods, shoals_dummy_entry, spider_nest_entry_funnel_web,
          amcnicky_altar_lugonu_corruption, serial_bayou_shore_a,
          grunt_megastairs_5, infiniplex_staircase_pool_2
Lair:4:   layout_layer_cave, dreamdust_wasp_nest
Lair:5:   hellmonk_lair_end_abyssal_woods, layout_loops_ring, slime_entry_1
Shoals:1: layout_shoals, gammafunk_ghost_tricky_traps,
          nicolae_shoals_enchanted_isle, uniq_mlioglotl, uniq_frances
Shoals:2: layout_shoals, uniq_polyphemus, uniq_ilsuiw, uniq_jorgrun
Spider:1: lemuel_spider_zombies, uniq_louise
Spider:2: layout_spider_delve, uniq_arachne
Orc:1:    layout_caves, serial_shops, shop, nicolae_shop_window_shopping, shop
Orc:2:    grunt_orc_cross, layout_caves, ebering_ghost_inner_flame, uniq_maurice
Elf:1:    minmay_shoctagon, layout_gridlike, serial_sigils,
          serial_sigils_hangedman_snap, serial_sigils_hangedman_gnaw,
          serial_sigils_hangedman_quiver, serial_sigils_hangedman_stare,
          serial_sigils_hangedman_scratch, serial_shops,
          nicolae_shop_tiny_real_fake_doors, minmay_elf_demonology
Elf:2:    nicolae_elf_blades_splatter_lattice [mumra_blade_entry_bloodbath],
          layout_onion_city, serial_shops, nicolae_shop_mannequins, uniq_azrael,
          uniq_roxanne
Elf:3:    minmay_elf_hall_four_x, layout_loops_ring, basic_altar, serial_shops,
          shop
Abyss:2:  base:
D:14

Skill      XL: |  1  2  3  4  5  6  7  8  9 10 11 12 13 14 15 16 17 |
---------------+----------------------------------------------------+-----
Fighting       | 4 5 6 7 8 9 10 12 13 14 15 16 17 | 17.7
Armour         | 4 5 6 7 8 9 10 11 12 13 14 15 | 15.2
Shields        | 4 5 6 7 9 11 13 15 17 19 21 22 | 22.4
Long Blades    | 3 4 5 6 7 9 11 12 14 15 16 17 18 | 18.7
Dodging        | 1 3 5 6 8 9 10 | 10.1
Stealth        | 1 2 |  2.2
Evocations     | 1 |  1.8
Invocations    | 1 2 |  2.2
Unarmed Combat | |  0.6

Action                     |  1- 3 |  4- 6 |  7- 9 | 10-12 | 13-15 | 16-18 || total
---------------------------+-------+-------+-------+-------+-------+-------++-------
  Melee: Long sword        |    99 |   150 |   357 |   659 |    38 |       ||  1303
         Headbutt          |     8 |    22 |    59 |   172 |   381 |   347 ||   989
         Scimitar          |       |       |       |     5 |  1351 |  1070 ||  2426
         Unarmed           |       |       |       |       |     6 |       ||     6
 Invoke: Heroism           |       |       |       |     8 |    18 |     5 ||    31
  Evoke: Wand              |       |       |       |     8 |     3 |       ||    11
    Use: Potion            |     1 |     4 |       |       |     5 |     6 ||    16
         Scroll            |     1 |       |    11 |     6 |    12 |     5 ||    35
   Stab: Petrified         |       |       |       |       |     2 |       ||     2
 Armour: Scale mail        |    67 |    23 |   122 |   184 |   393 |    76 ||   865
         Plate armour      |       |   114 |   109 |       |       |       ||   223
         Gold dragon scale |       |       |       |       |   306 |   353 ||   659
  Dodge: Dodged            |    57 |    51 |   107 |   258 |   634 |   280 ||  1387
  Block: Buckler           |    30 |    46 |     7 |       |       |       ||    83
         Kite shield       |       |       |   184 |   370 |   461 |       ||  1015
         Tower shield      |       |       |       |       |  1062 |  1164 ||  2226
